Map: Prion Terraces

Players

Chris (MCanning) - Winner!

  • Race: Protoss Protoss
  • League: Master

ZergZingZing

  • Race: Zerg Zerg
  • League: Diamond

VOD

Have the link to the VOD?

Description

Time

  • Played on: Nov. 13, 2015, 12:54 a.m.
  • Length: 8:43
Show
View Real Time Build Order
Export as new Build Order

Chris Protoss - Winner!

Build Orders: Nexus First 

Get SALT Encoding   

  12  0:02  Probe (Chrono Boost)  
  13  0:12  Probe (Chrono Boost)  
  14  0:18  Pylon  
  14  0:23  Probe (Chrono Boost)  
  15  0:37  Probe (Chrono Boost)  
  16  0:48  Probe (Chrono Boost)  
  17  0:58  Nexus  
  17  1:05  Nexus  
  17  1:16  Gateway  
  17  1:19  Probe (Chrono Boost)  
  18  1:28  Assimilator  
  18  1:29  Probe (Chrono Boost)  
  19  1:35  Assimilator  
  20  1:40  Probe (Chrono Boost)  
  20  1:50  Probe (Chrono Boost), Pylon  
  21  2:01  Probe (Chrono Boost)  
  22  2:09  Cybernetics Core  
  22  2:10  Zealot  
  22  2:11  Probe (Chrono Boost)  
  25  2:18  Probe (Chrono Boost)  
  25  2:22  Probe (Chrono Boost)  
  27  2:28  Probe (Chrono Boost)  
  28  2:32  Probe (Chrono Boost)  
  29  2:39  Probe (Chrono Boost)  
  29  2:42  Pylon  
  29  2:43  Probe (Chrono Boost)  
  31  2:49  Mothership Core (Chrono Boost)  
  31  2:50  Stalker (Chrono Boost)  
  35  2:53  Warp Gate  
  35  2:58  Probe (Chrono Boost)  
  36  3:05  Twilight Council  
  36  3:08  Probe (Chrono Boost)  
  36  3:10  Probe (Chrono Boost)  
  38  3:19  Probe (Chrono Boost)  
  39  3:20  Probe (Chrono Boost)  
  40  3:28  Pylon  
  40  3:29  Probe (Chrono Boost)  
  40  3:31  Probe (Chrono Boost)  
  42  3:35  Pylon  
  42  3:39  Pylon  
  42  3:42  Probe (Chrono Boost)  
  42  3:43  Probe, Charge (Chrono Boost)  
  44  3:53  Probe  
  44  3:54  Sentry  
  47  4:03  Gateway x2  
  47  4:07  Gateway  
  47  4:11  Pylon  
  47  4:19  Gateway  
  47  4:20  Gateway  
  47  4:26  Gateway  
  47  4:30  Gateway  
  47  4:38  Gateway  
  47  4:40  Gateway  
  47  4:58  Zealot  
  47  4:59  Zealot x2  
  53  5:12  Probe  
  54  5:16  Pylon  
  54  5:19  Zealot  
  54  5:20  Zealot x5  
  66  5:26  Pylon  
  65  5:33  Zealot x2  
  69  5:43  Gateway  
  69  5:45  Zealot x3  
  69  5:46  Zealot x3  
  81  5:53  Zealot  
  74  6:16  Zealot  
  74  6:17  Zealot x7  
  74  6:18  Zealot  
  72  6:20  Probe  
  57  6:33  Zealot  
  57  6:37  Zealot x3  
  57  6:38  Zealot x2  
  69  6:46  Zealot x3  
  71  7:05  Zealot x2  
  71  7:06  Zealot x2  
  69  7:25  Zealot x6  
  69  7:26  Zealot x2  
  79  7:33  Zealot  
  79  7:34  Zealot  
  77  7:41  Probe  
  74  7:45  Zealot x3  
  80  8:01  Zealot x2  
  80  8:02  Zealot x2  
  76  8:17  Zealot x6  
Show
View Real Time Build Order
Export as new Build Order

ZergZingZing Zerg 

Build Orders: Hatch First 

Get SALT Encoding   

  12  0:01  Drone  
  13  0:12  Overlord  
  13  0:17  Drone  
  14  0:30  Drone x2  
  16  0:36  Drone  
  17  0:54  Hatchery  
  17  0:56  Drone  
  17  1:10  Spawning Pool  
  16  1:15  Drone x2  
  18  1:21  Drone  
  18  1:22  Extractor  
  18  1:28  Overlord  
  18  1:38  Drone  
  19  1:50  Drone  
  20  1:57  Queen  
  20  2:00  Zergling x2  
  23  2:06  Queen  
  23  2:07  Drone  
  26  2:11  Drone  
  27  2:17  Drone  
  28  2:23  Drone  
  28  2:27  Metabolic Boost  
  28  2:28  Drone  
  30  2:33  Overlord  
  30  2:38  Drone  
  30  2:43  Queen  
  33  2:44  Drone  
  33  2:49  Drone  
  35  2:54  Drone  
  36  3:04  Evolution Chamber  
  35  3:06  Hatchery  
  35  3:07  Drone  
  35  3:08  Drone  
  35  3:10  Drone  
  37  3:17  Overlord  
  37  3:19  Drone x2  
  39  3:21  Drone  
  39  3:24  Drone  
  41  3:27  Drone  
  41  3:29  Drone  
  41  3:34  Zerg Ground Armor Level 1  
  43  3:38  Drone  
  43  3:39  Drone x2  
  43  3:41  Drone  
  47  3:50  Overlord  
  47  3:51  Drone x2  
  47  3:52  Drone x2  
  51  3:56  Extractor  
  51  4:00  Overlord  
  50  4:14  Overlord x2  
  50  4:15  Hatchery  
  49  4:22  Spore Crawler  
  49  4:23  Queen  
  49  4:24  Spore Crawler  
  49  4:25  Spore Crawler  
  48  4:33  Drone  
  48  4:35  Drone  
  48  4:36  Drone x2  
  52  4:40  Drone x6  
  59  4:52  Zergling x2  
  59  4:53  Zergling x14  
  59  4:54  Zergling x2  
  59  4:57  Lair  
  67  5:02  Baneling Nest  
  67  5:04  Zergling x2  
  67  5:05  Zergling x4  
  69  5:10  Drone  
  69  5:13  Drone  
  71  5:15  Zergling x2  
  71  5:16  Zergling x6  
  75  5:22  Zergling x8  
  75  5:25  Spine Crawler, Zergling x2  
  75  5:28  Spine Crawler, Zergling x4  
  80  5:30  Spine Crawler  
  80  5:34  Zergling x2  
  80  5:35  Zergling x6  
  82  5:37  Zergling x2  
  82  5:38  Zergling x2  
  82  5:39  Zergling x2  
  80  5:43  Zergling x2  
  80  5:49  Zergling x12  
  83  5:53  Baneling x6  
  83  5:54  Baneling  
  83  5:56  Baneling x8  
  83  5:59  Zergling x4  
  83  6:01  Zergling x4  
  82  6:10  Zergling x4  
  76  6:15  Zergling x10  
  69  6:20  Zergling x2  
  69  6:21  Zergling x4  
  69  6:22  Zergling x2  
  69  6:23  Zergling x4  
  70  6:26  Zergling x2  
  70  6:27  Queen  
  70  6:33  Zergling x4  
  70  6:34  Centrifical Hooks  
  70  6:36  Zergling x4  
  74  6:43  Zergling x2  
  74  6:45  Zerg Melee Weapons Level 1  
  74  6:46  Zergling x2  
  70  6:47  Zergling x4  
  70  6:49  Baneling  
  70  6:52  Zergling x2  
  70  6:53  Zergling x2  
  73  7:00  Zergling x12  
  73  7:01  Zergling x2  
  70  7:03  Zergling x2  
  70  7:06  Baneling x3  
  70  7:08  Zergling x2  
  65  7:10  Zergling x2, Baneling x2  
  65  7:12  Zergling x2  
  65  7:14  Zergling x2  
  67  7:16  Zergling x2  
  67  7:21  Baneling  
  67  7:22  Zergling x4, Baneling x3  
  65  7:24  Zergling x2  
  65  7:27  Zergling x2  
  55  7:31  Zergling x2  
  55  7:34  Zergling x2  
  55  7:35  Zergling x2  
  44  7:40  Zergling x2  
  44  7:42  Zergling x8  
  44  7:44  Zergling x2  
  40  7:45  Zergling x4  
  40  7:46  Queen, Zergling x8  
  40  7:47  Queen  
  40  7:48  Zergling x2  
  40  7:49  Zergling x2  
  45  7:53  Baneling x2  
  45  7:54  Baneling x2  
  45  7:55  Zergling x2  
  45  7:56  Zergling x8  
  48  7:59  Zergling x2  
  48  8:04  Zergling x2  
  48  8:05  Zergling x2  
  47  8:07  Zergling x2  
  42  8:13  Zergling x2  
  42  8:14  Zergling x2  
  42  8:16  Zergling x2  
  42  8:19  Zergling x2  
  36  8:26  Baneling  
Tags
 
Add a new tag
Caveats
  • Supply blocks, unpowered buildings, or Contaminate may cause inaccurate times.
  • Supply counts are checked every 10 seconds.